 Dungeon Crawl Stone Soup version 0.24.0-1-gfbc8707122 (webtiles) character file.

Game seed: 579344270735036820, levelgen mode: deterministic

9359 Mrkan the Apostle (level 11, -11/101 HPs)
             Began as a Hill Orc Fighter on Oct 27, 2019.
             Was a High Priest of Beogh.
             Mangled by a cyclops (14 damage)
             ... on level 12 of the Dungeon.
             The game lasted 00:28:23 (12038 turns).

Mrkan the Apostle (Hill Orc Fighter)               Turns: 12038, Time: 00:28:24

Health: -11/101    AC: 22    Str: 29    XL:     11   Next: 45%
Magic:  21/21      EV:  7    Int:  8    God:    Beogh [*****.]
Gold:   608        SH: 13    Dex: 16    Spells: 10/10 levels left

rFire    . . .     SeeInvis .   a - +0 war axe
rCold    . . .     Gourm    .   c - +0 shield
rNeg     . . .     Faith    .   H - +0 plate armour
rPois    .         Spirit   .   p - +2 helmet
rElec    .         Reflect  .   W - +1 cloak
rCorr    .         Harm     .   s - +2 pair of gloves {Str+3}
MR       .....                  I - +0 pair of boots
Stlth    ..........             (no amulet)
HPRegen  0.26/turn              l - +4 ring of dexterity
MPRegen  0.17/turn              (no ring)

@: mighty, slowed, lightly drained, very slow
A: walk on water
a: Smiting, Recall Orcish Followers, Give Item to Named Follower, Renounce
Religion


You were on level 12 of the Dungeon.
You worshipped Beogh.
Beogh was extremely pleased with you.
You were very hungry.

You visited 1 branch of the dungeon, and saw 12 of its levels.
You also visited: Sewer.

You collected 608 gold pieces.

Inventory:

Hand Weapons
 a - a +0 war axe (weapon)
 G - a +3 halberd of flaming
 M - a +2 long sword of draining
 Q - the cursed +2 spear of Magnificence {pierce, rF+}
   (You found it on level 10 of the Dungeon)

   It inflicts extra damage upon your enemies.
   It protects you from fire.
   It has a curse placed upon it.
 R - a +0 trident of protection
Missiles
 K - 6 javelins (quivered)
Armour
 c - a +0 shield (worn)
 p - a +2 helmet (worn)
 s - a +2 pair of gloves of strength (worn)
 H - a +0 plate armour (worn)
 I - a +0 pair of boots (worn)
 W - a +1 cloak (worn)
Jewellery
 l - a +4 ring of dexterity (left hand)
Wands
 h - a wand of acid (8)
 t - a wand of clouds (6)
 B - a wand of paralysis (14)
 F - a wand of polymorph (9)
 J - a wand of scattershot (2)
 L - a wand of disintegration (16)
 P - a wand of iceblast (7)
 S - a wand of digging (6)
 T - a wand of flame (20)
Scrolls
 e - 2 scrolls of enchant weapon
 g - 3 scrolls of enchant armour {unknown}
 i - 3 scrolls of magic mapping {unknown}
 n - 7 scrolls of remove curse
 o - a scroll of random uselessness {unknown}
 q - 3 scrolls of immolation
 x - 6 scrolls of fog
 y - 2 scrolls of blinking
 z - a scroll of fear {unknown}
 A - a scroll of vulnerability
 C - 5 scrolls of teleportation
 D - a scroll of identify
 N - a scroll of noise {unknown}
 O - a scroll of summoning {unknown}
 U - a scroll of torment {unknown}
Potions
 b - 2 potions of degeneration
 d - a potion of might
 j - 3 potions of flight
 k - 2 potions of invisibility
 m - 2 potions of curing
 r - 2 potions of agility
 v - 2 potions of haste
 w - 2 potions of magic
 E - 3 potions of brilliance
Comestibles
 f - 13 rations


   Skills:
 + Level 10.8(10.6) Fighting
 - Level 7.3(7.1) Axes
 - Level 5.2(5.0) Armour
 + Level 1.6(1.5) Dodging
 + Level 10.0(9.8) Shields
 + Level 13.4(13.1) Invocations


You had 10 spell levels left.
You didn't know any spells.
Your spell library contained the following spells:

 Spells                   Type           Power        Failure   Level  Hunger
 Animate Skeleton         Necr           N/A          100%        1    ##.....
 Apportation              Tloc           #.....       100%        1    ##.....
 Confusing Touch          Hex            #.....       100%        1    ##.....
 Summon Small Mammal      Summ           #...         100%        1    ##.....


Dungeon Overview and Level Annotations

Branches:
Dungeon (12/15)            Temple (0/1) D:6            Lair (0/6) D:11
  Sewer (visited)
    Orc: D:9-12

Altars:
Elyvilon
Uskayaw
The Shining One

Shops:
D:8 (=


Message History

The wraith hits you. The wraith drains your vigour!
You feel yourself slow down.
You slice the wraith!!
You destroy the wraith!
Beogh accepts your kill. The cyclops closely misses you.
You slash the cyclops!
The cyclops is moderately wounded.
The cyclops hits you!
* * * LOW HITPOINT WARNING * * *
You slash the cyclops!
The cyclops is heavily wounded.
The cyclops hits you!!
* * * LOW HITPOINT WARNING * * *
You slash the cyclops!
The cyclops is almost dead.
You are feeling very hungry.
The cyclops hits you but does no damage.
The cyclops hits you!
You die...

..# #.# #.# #.# ##^###
#.# .....# #.# .....####
#.# †.......######.#
.....##.....##.#
.....######....#########
.....# ####.)@C......
##.### #.######### #.#
#.# #.# #.# ..# #.. ##.
.


You could see a cyclops.

Vanquished Creatures
  Josephine (D:12)
  Harold (D:8)
  A two-headed ogre (D:9)
  An unseen horror (D:11)
  A centaur skeleton (D:11)
  A centaur zombie (D:11)
  Sigmund (D:4)
  5 wraiths (D:12)
  A wyvern (D:12)
  4 yaks
  Menkaure (D:5)
  An orc warrior (D:12)
  A necrophage (D:11)
  2 sky beasts
  A black bear (D:11)
  4 ogres
  A wolf (D:9)
  3 centaurs
  Blork the orc (D:6)
  2 bullfrogs (Sewer)
  A gnoll sergeant (D:5)
  3 scorpions
  11 killer bees
  A crimson imp (D:5)
  3 hounds
  4 orc wizards
  A gnoll shaman (D:3)
  An orc priest (D:6)
  Ijyb (D:5)
  An iguana (D:5)
  2 worker ants
  A worker ant zombie (D:3)
  8 gnolls
  5 river rats (Sewer)
  16 adders
  An ooze (D:5)
  An adder skeleton (D:4)
  2 worms
  3 dart slugs
  3 leopard geckos
  4 orcs
  12 ball pythons
  7 giant cockroaches
  4 goblins
  6 hobgoblins
  14 jackals
  5 quokkas
  5 bats
  12 frilled lizards
  A goblin skeleton (D:8)
  3 hobgoblin zombies (D:8)
  2 jackal skeletons
  4 kobolds
  A leopard gecko zombie (D:5)
  An orc zombie (D:8)
  28 rats
212 creatures vanquished.

Vanquished Creatures (collateral kills)
  Maurice (D:11)
  A centaur skeleton (D:11)
  A queen bee (D:11)
  2 hippogriffs
  A vampire (D:10)
  Grum (D:9)
  An orc warrior (D:7)
  A sky beast (D:7)
  A phantom (D:10)
  3 ice beasts
  A centaur (D:11)
  3 ogres
  3 wolves (D:9)
  3 bullfrogs
  11 killer bees
  A bullfrog zombie (D:12)
  3 crimson imps
  A jelly (D:10)
  An orc priest (D:6)
  5 orc wizards
  A bullfrog skeleton (D:10)
  An iguana (D:10)
  3 worker ants
  A hound skeleton (D:6)
  2 gnolls (D:6)
  3 adders
  A shadow imp (D:5)
  A white imp (D:8)
  An adder skeleton (D:7)
  3 orcs
  A giant cockroach (D:6)
  2 jackals (D:6)
  A quokka (D:8)
  A hobgoblin zombie (D:8)
  A leopard gecko zombie (D:8)
  2 orc zombies (D:8)
  A quokka skeleton (D:7)
71 creatures vanquished.

Vanquished Creatures (others)
  2 orc knights
  2 orc warriors
  2 orc priests
  An orc wizard (D:10)
  8 orcs
15 creatures vanquished.

Grand Total: 298 creatures vanquished

Notes
Turn   | Place    | Note
-------+----------+-------------------------------------------
     0 | D:1      | Mrkan the Hill Orc Fighter began the quest for the Orb.
     0 | D:1      | Reached XP level 1. HP: 19/19 MP: 1/1
    69 | D:1      | Reached XP level 2. HP: 16/27 MP: 2/2
   818 | D:1      | Reached XP level 3. HP: 33/33 MP: 3/3
  1557 | D:2      | Reached XP level 4. HP: 38/40 MP: 4/4
  2423 | D:3      | Reached XP level 5. HP: 23/47 MP: 5/5
  2429 | D:3      | Reached skill level 5 in Axes
  3188 | D:4      | Reached XP level 6. HP: 53/53 MP: 6/6
  3246 | D:4      | Became a worshipper of Beogh the Brigand
  3324 | D:4      | Noticed Sigmund
  3336 | D:4      | Found a glowing drain.
  3345 | Sewer    | Entered a sewer
  3693 | Sewer    | Reached * piety under Beogh
  3693 | Sewer    | Reached skill level 5 in Fighting
  3784 | Sewer    | Reached ** piety under Beogh
  3784 | Sewer    | Reached XP level 7. HP: 57/61 MP: 7/7
  3971 | D:4      | Killed Sigmund
  3971 | D:4      | Reached skill level 5 in Armour
  3971 | D:4      | Reached skill level 5 in Shields
  4423 | D:5      | Entered Level 5 of the Dungeon
  4458 | D:5      | Reached skill level 1 in Invocations
  4501 | D:5      | Reached skill level 2 in Invocations
  4501 | D:5      | Reached XP level 8. HP: 57/70 MP: 9/9
  4601 | D:5      | Reached skill level 3 in Invocations
  4694 | D:5      | Noticed Menkaure
  4697 | D:5      | Noticed Ijyb
  4712 | D:5      | Killed Menkaure
  4712 | D:5      | Reached skill level 4 in Invocations
  4723 | D:5      | Paralysed by Ijyb for 5 turns
  4728 | D:5      | Killed Ijyb
  4728 | D:5      | Reached skill level 5 in Invocations
  4784 | D:5      | Reached *** piety under Beogh
  4786 | D:5      | Reached skill level 6 in Invocations
  4798 | D:5      | Reached XP level 9. HP: 15/79 MP: 13/13
  5425 | D:5      | Found a white marble altar of Elyvilon.
  5444 | D:5      | Reached skill level 7 in Invocations
  5574 | D:6      | Found a staircase to the Ecumenical Temple.
  5586 | D:6      | Noticed Blork the orc
  5596 | D:6      | Killed Blork the orc
  6321 | D:7      | Reached **** piety under Beogh
  6325 | D:7      | Reached skill level 8 in Invocations
  7012 | D:8      | Found Malutapny's Antique Weapon Shoppe.
  7154 | D:8      | Found a glowing golden altar of the Shining One.
  7241 | D:8      | Noticed Harold
  7266 | D:8      | Killed Harold
  7266 | D:8      | Reached skill level 9 in Invocations
  7526 | D:8      | Found Loumn's Jewellery Boutique.
  7605 | D:8      | You fall into a shaft and drop 3 floors!
  7634 | D:10     | Entered Level 10 of the Dungeon
  7661 | D:9      | Reached skill level 10 in Invocations
  7661 | D:9      | Reached XP level 10. HP: 46/90 MP: 17/17
  8516 | D:9      | Noticed a two-headed ogre
  8516 | D:9      | Noticed Grum
  8526 | D:9      | Killed a two-headed ogre
  8533 | D:9      | Reached skill level 11 in Invocations
  8536 | D:9      | Killed Grum
  8971 | D:9      | Found a hide-covered altar of Uskayaw.
  9619 | D:10     | Got a jewelled spear
  9715 | D:10     | Reached ***** piety under Beogh
 10413 | D:11     | Killed an unseen horror
 10574 | D:11     | Reached skill level 12 in Invocations
 10624 | D:11     | Reached skill level 10 in Fighting
 10993 | D:11     | Reached XP level 11. HP: 92/99 MP: 20/20
 11224 | D:11     | Reached skill level 13 in Invocations
 11360 | D:11     | Noticed Maurice
 11415 | D:11     | Killed Maurice
 11426 | D:11     | Identified the cursed +2 spear of Magnificence {pierce,
                  | rF+} (You found it on level 10 of the Dungeon)
 11714 | D:11     | Found a staircase to the Lair.
 11976 | D:12     | Noticed Josephine
 11985 | D:12     | Noticed a cyclops
 12005 | D:12     | Killed Josephine
 12005 | D:12     | Reached skill level 1 in Dodging
 12020 | D:12     | Reached skill level 10 in Shields
 12037 | D:12     | HP: 3/101 [cyclops (18)]
 12038 | D:12     | Mangled by a cyclops

Levels and vault maps discovered:
D:1:      saegor_arrival_simple_a, layout_basic
D:2:      layout_basic, grunt_ministairs_1
D:3:      layout_basic, minmay_misc_feat_pillars
D:4:      layout_cave_pools, portal_sewer_entry_d, kennysheep_generic_room_10,
          uniq_sigmund
D:5:      wander_river, layout_gridville, first_ration, basic_altar, uniq_ijyb,
          uniq_menkaure
D:6:      layout_rooms, minmay_temple_entry_statues_pillars, uniq_blork_the_orc
D:7:      layout_basic, corexii_item_surrounded_by_moat
D:8:      layout_gridville, nicolae_tso_besieged_by_evil, serial_shops, shop,
          hangedman_little_slice_of_home, minmay_shop_enchanted_jewellery,
          uniq_harold
D:9:      layout_gridville, basic_altar, uniq_grum
D:10:     layout_gridville
D:11:     layout_gridville, lair_entry_dummy, minivault_7, uniq_maurice
D:12:     layout_roguey, erik_orc_1, uniq_josephine

Skill      XL: |  1  2  3  4  5  6  7  8  9 10 11 |
---------------+----------------------------------+-----
Axes           | 3 4 5 6 7 |  7.3
Fighting       | 4 5 6 7 8 10 | 10.8
Shields        | 4 5 6 8 9 10 | 10.0
Armour         | 4 5 |  5.2
Invocations    | 2 6 10 12 13 | 13.4
Dodging        | 1 |  1.6

Action                   |  1- 3 |  4- 6 |  7- 9 | 10-12 || total
-------------------------+-------+-------+-------+-------++-------
Melee: War axe           |   133 |   186 |   259 |   251 ||   829
       Unarmed           |       |       |       |    11 ||    11
Invok: Convert to Beogh  |       |     1 |       |       ||     1
       Recall Orcish Fol |       |       |       |     2 ||     2
  Use: Scroll            |       |     4 |     8 |    10 ||    22
       Potion            |       |       |     4 |     6 ||    10
 Stab: Distracted        |       |       |     2 |     3 ||     5
  Eat: Chunk             |     2 |     8 |     9 |     3 ||    22
       Ration            |       |       |     1 |     3 ||     4
Armor: Scale mail        |    57 |   117 |    29 |       ||   203
       Chain mail        |       |       |    98 |       ||    98
       Plate armour      |       |       |    46 |   258 ||   304
Dodge: Dodged            |    39 |    98 |    68 |    90 ||   295
Block: Shield            |    72 |   146 |   184 |   246 ||   648
